 Dungeon Crawl Stone Soup version 0.26-a0-6-g448add79b7 (webtiles) character file.

Game seed: 16466646176872724722, levelgen mode: deterministic

293 1994 the Ruffian (level 6, 0/88 HPs)
             Began as an Ogre Transmuter on May 24, 2020.
             Succumbed to a gnoll's poison
             ... on level 2 of the Dungeon.
             The game lasted 00:10:44 (4882 turns).

1994 the Ruffian (Ogre Transmuter)                  Turns: 4882, Time: 00:10:44

Health: 0/88       AC: 23    Str: 15    XL:     6   Next: 33%
Magic:  11/11      EV:  1    Int: 16    God:
Gold:   240        SH:  0    Dex:  9    Spells: 1/11 levels left

rFire    + . .     SeeInvis .     - Unarmed
rCold    + . .     Gourm    .   (no shield)
rNeg     + + +     Faith    .   (armour currently unavailable)
rPois    +         Spirit   .   (helmet currently unavailable)
rElec    +         Reflect  .   (cloak currently unavailable)
rCorr    +         Harm     .   (gloves unavailable)
MR       .....     Clarity  +   (boots unavailable) Stlth +.........NoTele +
                                (no amulet)
HPRegen  0.24/turn              (no ring)
MPRegen  0.12/turn              (no ring)

@: mighty, brilliant, lethally poisoned (0 -> -6), tree-form, resistant, hasted,
very quick
A: large, unfitting armour, clarity
a: no special abilities


You were on level 2 of the Dungeon.
You were not hungry.
You were a tree.
You visited 1 branch of the dungeon, and saw 3 of its levels.

You collected 240 gold pieces.

Inventory:

Hand Weapons
 b - a +0 hunting sling
Missiles
 a - 33 arrows
 c - 177 stones
 o - 10 poisoned darts (quivered)
Armour
 f - a +0 robe (melded)
Wands
 s - a wand of iceblast (6)
Scrolls
 e - 5 scrolls of identify {unknown}
 g - 2 scrolls of remove curse {unknown}
 i - 2 scrolls of fog {unknown}
 k - a scroll of enchant weapon {unknown}
 n - a scroll of teleportation {unknown}
 q - a scroll of enchant armour {unknown}
 r - a scroll of blinking {unknown}
Potions
 h - 3 potions of haste
 j - 3 potions of brilliance
Comestibles
 d - 5 rations


   Skills:
 + Level 2.7 Fighting
 * Level 3.2 Dodging
 * Level 3.9 Unarmed Combat
 + Level 3.3 Spellcasting
 * Level 3.1 Transmutations
 * Level 1.1 Poison Magic


You had one spell level left.
You knew the following spells:

 Your Spells              Type           Power        Failure   Level  Hunger
a - Beastly Appendage     Tmut           ###...       4%          1    None
b - Sticks to Snakes      Tmut           ###.....     8%          2    None
c - Spider Form           Tmut/Pois      ##........   22%         3    None
d - Ice Form              Ice/Tmut       ##......     67%         4    None

Your spell library contained the following spells:

 Spells                   Type           Power        Failure   Level  Hunger
 Blade Hands              Tmut           ###.......   80%         5    None


Dungeon Overview and Level Annotations

Branches:
Dungeon (3/15)

Altars:
Ashenzari
Hepliaklqana
Kikubaaqudgha
Nemelex Xobeh
Qazlal
Ru


Innate Abilities, Weirdness & Mutations

You are too large for most types of armour.
((You have tough skin. (AC +1)))
You possess an exceptional clarity of mind.
((Your system is resistant to poisons. (rPois)))


Message History

* * * LOW HITPOINT WARNING * * *
You feel sick.
* * * LOW HITPOINT WARNING * * *
You feel sick.
* * * LOW HITPOINT WARNING * * *
You feel sick.
Unknown command.
* * * LOW HITPOINT WARNING * * *
You feel sick.
* * * LOW HITPOINT WARNING * * *
You feel sick.
Okay, then.
Unknown command.
* * * LOW HITPOINT WARNING * * *
You feel sick.
You feel protected.
* * * LOW HITPOINT WARNING * * *
You feel sick.
Unknown command.
You die...

###.......## #.......)..#
#.#....>..## #..........###
#.#.......#..# ####
#............# ##..#
#)#.#.#.#.#..###..)#
#.##.[.......##..#.#
#......#♣.......##.#
#####..........###.# # ####
#####...###.#.#..#..# #### [..#
###.....#...#........####...
>..###...##.####.##...#..#.......
)[.#........# #.####.#..########
.....###.#..# #.#.÷....##§§§§§§§
..[..#...#..####...###..##§§§§§§§
.....#...#....###..####..#§§§§§§§


There were no monsters in sight!

Vanquished Creatures
  A crimson imp (D:2)
  Terence (D:3)
  An orc wizard (D:3)
  Robin (D:2)
  4 gnolls
  3 adders
  An ooze (D:2)
  2 worms (D:2)
  4 dart slugs
  16 orcs (D:3)
  7 bats
  6 giant cockroaches
  15 goblins
  8 hobgoblins
  4 jackals (D:3)
  10 frilled lizards
  7 kobolds
  4 rats
95 creatures vanquished.

Vanquished Creatures (collateral kills)
  An adder (D:3)
  A quokka (D:2)
2 creatures vanquished.

Grand Total: 97 creatures vanquished

Notes
Turn   | Place    | Note
-------+----------+-------------------------------------------
     0 | D:1      | 1994 the Ogre Transmuter began the quest for the Orb.
     0 | D:1      | Reached XP level 1. HP: 19/19 MP: 3/3
   314 | D:1      | Reached XP level 2. HP: 26/27 MP: 3/5
   318 | D:1      | Learned a level 2 spell: Sticks to Snakes
  1041 | D:2      | Reached XP level 3. HP: 32/35 MP: 4/6
  1784 | D:2      | Found a stormy altar of Qazlal.
  1895 | D:2      | Found a shattered altar of Ashenzari.
  1917 | D:2      | Reached XP level 4. HP: 36/42 MP: 5/8
  2189 | D:3      | Noticed Robin
  2205 | D:2      | Learned a level 3 spell: Spider Form
  2383 | D:2      | Killed Robin
  2383 | D:2      | Reached XP level 5. HP: 41/50 MP: 9/9
  2619 | D:3      | Found a hazy altar of Hepliaklqana.
  3283 | D:3      | Found a sparkling altar of Nemelex Xobeh.
  3428 | D:3      | Noticed Terence
  3485 | D:3      | Killed Terence
  3485 | D:3      | Reached XP level 6. HP: 36/59 MP: 8/10
  3622 | D:3      | Found an ancient bone altar of Kikubaaqudgha.
  3863 | D:3      | Reached skill level 1 in Poison Magic
  4510 | D:3      | Found a sacrificial altar of Ru.
  4811 | D:2      | Learned a level 4 spell: Ice Form
  4864 | D:2      | Gained mutation: You occasionally shout uncontrollably at
                  | your foes. [potion of mutation]
  4864 | D:2      | Gained mutation: You are somewhat resistant to further
                  | mutation. [potion of mutation]
  4869 | D:2      | Lost mutation: You are somewhat resistant to further
                  | mutation. [potion of mutation]
  4869 | D:2      | Lost mutation: You occasionally shout uncontrollably at
                  | your foes. [potion of mutation]
  4869 | D:2      | Gained mutation: Your system is resistant to poisons.
                  | (rPois) [potion of mutation]
  4869 | D:2      | Gained mutation: You can translocate small distances at
                  | will. [potion of mutation]
  4869 | D:2      | Lost mutation: You can translocate small distances at will.
                  | [potion of mutation]
  4869 | D:2      | Gained mutation: You possess an exceptional clarity of
                  | mind. [potion of mutation]
  4875 | D:2      | HP: 4/88 [poisoned by a gnoll]
  4880 | D:2      | HP: 1/88 [poisoned by a gnoll]
  4882 | D:2      | Succumbed to a gnoll's poison

Illustrated notes

Levels and vault maps discovered:
D:1:      erik_arrival_triangle_small, layout_loops_cross,
          serial_bayou_lagoon_a, wander_ebering_terrifying_dragon_lair
D:2:      layout_rooms, evilmike_ruin_ashenzari,
          nicolae_qazlal_eye_of_the_storm, first_ration, st_stairs_4
D:3:      layout_loops_corners, nemelex_xobeh_ov_fountains_minmay,
          overflow_temple_1_default, lemuel_doored_altar,
          nicolae_overflow_crystal_walls, uniq_terence, uniq_robin

Skill      XL: |  1  2  3  4  5  6 |
---------------+-------------------+-----
Dodging        | 2 3 |  3.2
Transmutations | 2 3 |  3.1
Unarmed Combat | 3 |  3.9
Fighting       | 2 |  2.7
Spellcasting   | 3 |  3.3
Poison Magic   | 1 |  1.1

Action                   |  1- 3 |  4- 6 || total
-------------------------+-------+-------++-------
Melee: Unarmed           |   143 |   245 ||   388
       Kick              |    10 |    10 ||    20
       Punch             |     2 |     3 ||     5
       Headbutt          |     1 |     6 ||     7
Throw: Dart              |       |     7 ||     7
       Stone             |       |     1 ||     1
 Cast: Beastly Appendage |    12 |    13 ||    25
       Sticks to Snakes  |     3 |     2 ||     5
       Spider Form       |       |     4 ||     4
  Use: Potion            |       |     8 ||     8
  Eat: Chunk             |     4 |    10 ||    14
Armor: Robe              |    54 |    51 ||   105
       Skin              |       |     1 ||     1
Dodge: Dodged            |    75 |   141 ||   216

Table legend:
 A = Non-vault XP
 B = Vault XP
 C = Vault XP percentage of total XP
 D = Non-vault monster count
 E = Vault monster count
 F = Vault count percentage of total count
                 A         B        C        D         E       F
            +---------+---------+-------+---------+---------+-------
      Total |     340 |      79 |  18.9 |      80 |      17 |  17.5
            +---------+---------+-------+---------+---------+-------
        D:1 |      31 |       1 |   3.1 |      18 |       1 |   5.3
        D:2 |     113 |      33 |  22.6 |      19 |       9 |  32.1
        D:3 |     196 |      45 |  18.7 |      43 |       7 |  14.0
            +---------+---------+-------+---------+---------+-------
